 Dungeon Crawl Stone Soup version 0.25.1-8-g42b30a86e7 (webtiles) character file.

Game seed: 7766636541757977921

5073 urish the Covert (level 10, -1/75 HPs)
             Began as a Spriggan Assassin on Dec 17, 2020.
             Was a Follower of Trog.
             Slain by a wight
             ... wielding a cursed +2 long sword
              (10 damage)
             ... on level 9 of the Dungeon.
             The game lasted 00:33:03 (11743 turns).

urish the Covert (Spriggan Assassin)               Turns: 11743, Time: 00:33:04

Health: -1/75      AC:  5    Str:  8    XL:     10   Next: 31%
Magic:  12/12      EV: 28    Int: 13    God:    Trog [*.....]
Gold:   353        SH:  0    Dex: 20    Spells: 9/9 levels left

rFire    . . .     SeeInvis +   a - +3 short sword
rCold    . . .     Gourm    .   (shield restricted)
rNeg     . . .     Faith    .   M - +0 robe
rPois    .         Spirit   .   w - +2 hat
rElec    .         Reflect  .   c - +0 cloak
rCorr    .         Harm     .   (gloves unavailable)
MR       +....                  (boots unavailable)
Stlth    ..........             (no amulet)
HPRegen  0.22/turn              (no ring)
MPRegen  0.13/turn              (no ring)

@: berserking, marked, very quick
A: very small, unfitting armour, see invisible, herbivore, speed 3, slow
metabolism 2
a: Berserk, Renounce Religion


You were on level 9 of the Dungeon.
You worshipped Trog.
Trog was aware of your devotion.
You were hungry.

You visited 2 branches of the dungeon, and saw 10 of its levels.

You collected 353 gold pieces.

Inventory:

Hand Weapons
 a - a +3 short sword (weapon)
 b - a +2 hunting sling of flaming
 u - a +1 hand axe of freezing
 C - a +3 dagger
 I - a +3 long sword
Missiles
 d - 21 poisoned darts (quivered)
 e - 2 curare-tipped darts
 J - 8 boomerangs
 N - 24 sling bullets
Armour
 c - a +0 cloak (worn)
 w - a +2 hat (worn)
 M - a +0 robe (worn)
Jewellery
 D - a +6 ring of strength
 O - a cursed -4 ring of protection {unknown}
Wands
 y - a wand of enslavement (9)
 A - a wand of flame (6)
 B - a wand of acid (3)
Scrolls
 g - 10 scrolls of identify
 h - 2 scrolls of enchant weapon
 j - a scroll of noise {unknown}
 k - 2 scrolls of remove curse
 l - 2 scrolls of amnesia
 n - 3 scrolls of enchant armour {unknown}
 p - 3 scrolls of teleportation
 q - 2 scrolls of fog {unknown}
 s - 2 scrolls of random uselessness {unknown}
 E - a scroll of magic mapping {unknown}
 H - 2 scrolls of immolation {unknown}
 L - a scroll of fear {unknown}
Potions
 i - a potion of berserk rage
 m - 2 potions of lignification {unknown}
 o - a potion of heal wounds
 r - 3 potions of stabbing {unknown}
 t - a potion of ambrosia {unknown}
 v - 2 potions of invisibility {unknown}
 x - 2 potions of brilliance {unknown}
 z - 2 potions of degeneration {unknown}
 F - a potion of magic {unknown}
 G - 3 potions of curing {unknown}
 K - a potion of might {unknown}
Comestibles
 f - 14 rations


   Skills:
 + Level 4.3 Fighting
 + Level 9.2 Short Blades
 + Level 2.8(4.9) Slings
 + Level 5.2(5.4) Throwing
 * Level 11.1 Dodging
 + Level 12.0 Stealth
 + Level 2.2 Evocations


You had 9 spell levels left.
You didn't know any spells.
Your spell library was empty.

Dungeon Overview and Level Annotations

Branches:
Dungeon (9/15)             Temple (1/1) D:6            Lair (0/6) D:8
    Orc: D:9-12

Altars:
Ashenzari
Cheibriados
Dithmenos
Elyvilon
Fedhas
Gozag
Hepliaklqana
Kikubaaqudgha
Makhleb
Nemelex Xobeh
Okawaru
Qazlal
Ru
Sif Muna
Trog
Uskayaw
Vehumet
Wu Jian
Xom
Yredelemnul
Zin
The Shining One

Annotations:
D:7 exclusion: statue
D:8 Pikel


Innate Abilities, Weirdness & Mutations

You are very small and have problems with some larger weapons.
You are too small for most types of armour.
You have supernaturally acute eyesight. (SInv)
You are a herbivore.
You cover ground extremely quickly.
You need to consume almost no food.


Message History

Harold is almost dead.
You barely miss Harold.
Harold is almost dead.
The wight misses you. The wight closely misses you.
You puncture Harold!
You kill Harold!
Trog accepts your kill.
Trog appreciates your killing of a magic user.
Harold groans, "My... family..." and then collapses, dead.
Your life force feels restored.
Your Short Blades skill increases to level 9!
Your base Slings skill increases to level 2!
Your Dodging skill increases to level 11!
You closely miss the wight.
The wight is lightly damaged.
The wight completely misses you.
You hit the wight but do no damage.
The wight is lightly damaged.
The wight hits you with a cursed +2 long sword!
You die...

##.....# #......+
#......# +......#
#.##...#
#+########......#
...$............##### #+
.......zz##.............
.......@.##..zz..##.....
.####.)..##......##.....
#..................#
.............<.......
######################


You could see 2 wights.

Vanquished Creatures
  Harold (D:9)
  A two-headed ogre (D:8)
  Joseph (D:8)
  Sigmund (D:5)
  Eustachio (D:5)
  Grum (D:7)
  A slave (D:7)
  3 orc warriors
  A sky beast (D:7)
  A black bear (D:7)
  5 ogres
  2 phantoms (D:8)
  A centaur (D:6)
  A wolf (D:7)
  A bullfrog (D:8)
  A wyvern skeleton (D:7)
  3 scorpions
  5 wights (D:6)
  3 howler monkeys (D:7)
  A crimson imp (D:6)
  4 hounds
  2 jellies
  3 orc priests (D:7)
  A bullfrog skeleton (D:5)
  2 centaur skeletons (D:4)
  Ijyb (D:5)
  4 iguanas
  4 orc wizards
  8 worker ants
  5 hound skeletons
  A worker ant zombie (D:8)
  A gnoll (D:2)
  12 adders
  4 shadow imps
  2 oozes
  A worm (D:3)
  6 dart slugs
  7 leopard geckos
  28 orcs
  3 ball pythons
  4 giant cockroaches
  7 goblins
  A hobgoblin (D:1)
  10 jackals
  8 kobolds
  5 quokkas
  A bat (D:1)
  5 frilled lizards
  A jackal skeleton (D:5)
  A leopard gecko skeleton (D:4)
  5 rats
182 creatures vanquished.

Vanquished Creatures (others)
  2 plants (D:8)
2 creatures vanquished.

Grand Total: 184 creatures vanquished

Notes
Turn   | Place    | Note
-------+----------+-------------------------------------------
     0 | D:1      | urish the Spriggan Assassin began the quest for the Orb.
     0 | D:1      | Reached XP level 1. HP: 10/10 MP: 2/2
    56 | D:1      | Reached skill level 6 in Stealth
   339 | D:1      | Reached XP level 2. HP: 10/14 MP: 3/3
   563 | D:1      | Found a sparkling altar of Nemelex Xobeh.
   884 | D:2      | Found a shattered altar of Ashenzari.
   971 | D:2      | Reached skill level 7 in Stealth
  1052 | D:2      | Noticed a scorpion
  1271 | D:2      | Reached XP level 3. HP: 18/18 MP: 4/4
  2083 | D:2      | Killed a scorpion
  2083 | D:2      | Reached XP level 4. HP: 23/23 MP: 5/5
  2604 | D:2      | Reached XP level 5. HP: 9/26 MP: 6/6
  3058 | D:3      | Reached skill level 8 in Stealth
  3478 | D:3      | Found an ornate altar of the Wu Jian Council.
  3478 | D:3      | Found a stormy altar of Qazlal.
  4323 | D:4      | Reached XP level 6. HP: 30/30 MP: 7/7
  5277 | D:4      | Noticed an orc warrior
  5401 | D:4      | Reached skill level 5 in Short Blades
  5530 | D:4      | Killed an orc warrior
  5530 | D:4      | Reached XP level 7. HP: 35/35 MP: 8/8
  6075 | D:4      | Reached skill level 5 in Dodging
  6153 | D:4      | Reached skill level 9 in Stealth
  6407 | D:5      | Entered Level 5 of the Dungeon
  6413 | D:5      | Found a glowing golden altar of the Shining One.
  6422 | D:5      | Noticed Ijyb
  6425 | D:5      | Killed Ijyb
  6752 | D:5      | You fall into a shaft and drop 3 floors!
  6753 | D:8      | Noticed a two-headed ogre
  6828 | D:8      | Noticed Grum
  6876 | D:8      | Found a staircase to the Lair.
  6877 | D:8      | Noticed a komodo dragon
  7164 | D:5      | Noticed Sigmund
  7166 | D:5      | Killed Sigmund
  7166 | D:5      | Reached XP level 8. HP: 39/39 MP: 9/9
  7180 | D:5      | Noticed Eustachio
  7185 | D:5      | Killed Eustachio
  7245 | D:5      | Reached skill level 10 in Stealth
  7686 | D:6      | Found a staircase to the Ecumenical Temple.
  7766 | D:6      | Found a sacrificial altar of Ru.
  7785 | Temple   | Entered the Ecumenical Temple
  7795 | Temple   | Became a worshipper of Trog the Wrathful
  7946 | D:6      | Found a snail-covered altar of Cheibriados.
  8133 | D:6      | Reached skill level 11 in Stealth
  8767 | D:6      | Reached skill level 1 in Evocations
  8768 | D:6      | Found a shimmering blue altar of Sif Muna.
  8975 | D:7      | Reached XP level 9. HP: 26/44 MP: 11/11
  9612 | D:7      | Reached * piety under Trog
 10122 | D:7      | Found a radiant altar of Vehumet.
 10500 | D:8      | Noticed Joseph
 10505 | D:8      | Killed Joseph
 10505 | D:8      | Reached skill level 5 in Throwing
 10529 | D:8      | Reached skill level 10 in Dodging
 10832 | D:7      | Killed Grum
 11263 | D:8      | Killed a two-headed ogre
 11263 | D:8      | Reached skill level 1 in Slings
 11263 | D:8      | Reached skill level 12 in Stealth
 11263 | D:8      | Reached XP level 10. HP: 17/49 MP: 12/12
 11310 | D:8      | Noticed Pikel
 11666 | D:8      | Found a glowing silver altar of Zin.
 11724 | D:9      | Noticed Harold
 11741 | D:9      | Killed Harold
 11743 | D:9      | Slain by a wight

Illustrated notes

Levels and vault maps discovered:
D:1:      shiori_shiawase, layout_basic, nemelex_diamond_rough_becter
D:2:      layout_rooms, ashenzari_altar_1, first_ration, grunt_decor_resistance,
          cheibrodos_gnoll_hut
D:3:      layout_rooms, gammafunk_temple_overflow_wave
D:4:      layout_loops_ring, minmay_increasing_density
D:5:      layout_loops_cross, kennysheep_little_box, uniq_ijyb, uniq_sigmund,
          uniq_eustachio
D:6:      layout_basic, overflow_temple_1_default, lemuel_crystal_altar,
          minmay_temple_entry_trees, basic_altar, kennysheep_generic_room_8
D:7:      layout_rooms, vehumet_statue, grunt_ogre_cave,
          hangedman_decor_riveting
D:8:      layout_basic, lemuel_round_altar, david_lair_shrubbed,
          minmay_misc_feat_rugged, uniq_pikel, uniq_grum, uniq_joseph
D:9:      layout_stronghold, minivault_5, uniq_harold
Temple:   eino_narrow_crystal_temple

Skill      XL: |  1  2  3  4  5  6  7  8  9 10 |
---------------+-------------------------------+-----
Stealth        | 6 7 8 9 11 12 | 12.0
Short Blades   | 3 4 5 6 7 8 9 |  9.2
Dodging        | 2 3 4 6 8 10 11 | 11.1
Fighting       | 2 3 4 |  4.3
Throwing       | 3 5 |  5.2
Evocations     | 1 2 |  2.2
Slings         | 1 2 |  2.8

Action                   |  1- 3 |  4- 6 |  7- 9 | 10-12 || total
-------------------------+-------+-------+-------+-------++-------
Melee: Dagger            |   130 |   274 |   167 |       ||   571
       Short sword       |       |       |   338 |    40 ||   378
 Fire: Hunting sling     |       |       |    15 |     2 ||    17
Throw: Dart              |       |    44 |    45 |       ||    89
Invok: Berserk           |       |       |     2 |     1 ||     3
Evoke: Wand              |       |       |    14 |       ||    14
  Use: Scroll            |     1 |     3 |     2 |       ||     6
       Potion            |     1 |       |       |       ||     1
 Stab: Sleeping          |     8 |     9 |    29 |       ||    46
       Distracted        |     1 |       |     1 |       ||     2
  Eat: Ration            |       |     2 |     4 |       ||     6
Armor: Robe              |    13 |     9 |    20 |     2 ||    44
Dodge: Dodged            |    93 |   163 |   326 |    29 ||   611
